 Dungeon Crawl Stone Soup version 0.29.1-15-g9cfb28693d (webtiles) character file.

Game seed: 8064814207813262420

94 Descartes the Firebug (level 4, -2/27 HPs)
             Began as an Octopode Fire Elementalist on Apr 8, 2023.
             Slain by Crazy Yiuf
             ... wielding a +4 quarterstaff of chaos
              (8 damage)
             ... on level 2 of the Dungeon.
             The game lasted 00:05:19 (2366 turns).

Descartes the Firebug (Octopode Fire Elementalist)  Turns: 2366, Time: 00:05:19

Health: -2/27      AC:  1    Str:  7    XL:     4   Next: 63%
Magic:  2/8        EV: 13    Int: 19    God:
Gold:   116        SH:  0    Dex: 12    Spells: 7/8 levels left

rFire   . . .      SeeInvis .   g - +1 whip (holy)
rCold   . . .      Faith    .   (no shield)
rNeg    . . .      Spirit   .   (helmet restricted)
rPois   .          Reflect  .   (no amulet)
rElec   .          Harm     .   (no ring)
rCorr   .          Rampage  .   (no ring)
Will    .....                   (no ring)
Stlth   +++.......              (no ring)
HPRegen 0.09/turn               (no ring)
MPRegen 0.11/turn               (no ring)
                                (no ring)
                                (no ring)

@: no status effects
A: almost no armour, amphibious, 8 rings, camouflage 1, gelatinous body 1,
(nimble swimmer 1), tentacles
a: no special abilities


You were on level 2 of the Dungeon.
You visited 1 branch of the dungeon, and saw 2 of its levels.

You collected 116 gold pieces.

Inventory:

Hand Weapons
 c - a +0 dagger of venom
 g - a +1 whip of holy wrath (weapon)
Scrolls
 b - 4 scrolls of teleportation {unknown}
 d - 2 scrolls of blinking {unknown}
 h - a scroll of magic mapping {unknown}
Potions
 a - a potion of magic
 e - 3 potions of invisibility {unknown}
 f - a potion of heal wounds {unknown}
 i - a potion of curing {unknown}
 j - 2 potions of flight {unknown}


   Skills:
 - Level 2.0 Dodging
 - Level 2.6 Stealth
 + Level 2.7 Spellcasting
 - Level 1.0 Conjurations
 + Level 3.6 Fire Magic
 + Level 2.2 Poison Magic
 + Level 2.1 Evocations


You had 7 spell levels left.
You knew the following spells:

 Your Spells              Type           Power      Damage    Failure   Level
a - Foxfire               Conj/Fire      44%        2x1d6     6%          1

Your spell library contained the following spells:

 Spells                   Type           Power      Damage    Failure   Level
 Scorch                   Fire           32%        2d7       5%          2
 Slow                     Hex            8%         N/A       16%         1
 Conjure Flame            Conj/Fire      11%        6-21      19%         3
 Inner Flame              Hex/Fire       9%         N/A       22%         3
 Confusing Touch          Hex            2%         N/A       43%         3
 Vampiric Draining        Necr           2%         2d6       43%         3
 Flame Wave               Conj/Fire      11%        2d6       52%         4


Dungeon Overview and Level Annotations

Branches:
Dungeon (2/15)

Altars:

Shops:
D:2 [*

Annotations:
D:2 Crazy Yiuf


Innate Abilities, Weirdness & Mutations

You cannot wear most types of armour.
You are amphibious.
You can wear up to eight rings at the same time.
Your skin changes colour to match your surroundings (Stealth+).
Your rubbery body absorbs attacks. (AC +1, EV +1)
((You are camouflaged when in or above water. (Stealth+)))
You have tentacles for arms and can constrict up to eight enemies at once.


Message History

Crazy Yiuf is moderately wounded.
The foxfire hits Crazy Yiuf.
Crazy Yiuf is heavily wounded.
Crazy Yiuf closely misses you.
Casting: Foxfire (safe; 6% risk of failure)
Confirm with . or Enter, or press ? or * to list all spells.
You miscast Foxfire.
You are very lightly contaminated with residual magic.
Nothing appears to happen.
The foxfire hits Crazy Yiuf.
Crazy Yiuf is heavily wounded.
The foxfire hits Crazy Yiuf.
Crazy Yiuf is severely wounded.
Crazy Yiuf hits you with a +4 quarterstaff of chaos!
Ouch! That really hurt!
You feel your power leaking away.
Crazy Yiuf cries, "Papa eyeball leg!"
Crazy Yiuf attacks as you move away!
Crazy Yiuf hits you with a +4 quarterstaff of chaos!
* * * LOW HITPOINT WARNING * * *
Your magical contamination has completely faded away.
Crazy Yiuf attacks as you move away! Crazy Yiuf completely misses you.
Crazy Yiuf attacks as you move away! Crazy Yiuf closely misses you.
You see here a quokka corpse.
Crazy Yiuf whimpers, "Seed!
Key down mumblescurry."
Crazy Yiuf attacks as you move away! Crazy Yiuf closely misses you.
Crazy Yiuf attacks as you move away! Crazy Yiuf closely misses you.
You see here a +0 short sword.
Crazy Yiuf attacks as you move away! Crazy Yiuf misses you.
Crazy Yiuf whimpers, "Cards pizzabubble light!"
Crazy Yiuf says, "Cod water senile!"
Crazy Yiuf cries, "Adder!
Tosser poople poople."
There is a stone staircase leading down here.
Crazy Yiuf attacks as you move away! Crazy Yiuf completely misses you.
Crazy Yiuf says, "Crazy?
Crazy!?
PORCUPINE!"
Casting: Foxfire (safe; 6% risk of failure)
Confirm with . or Enter, or press ? or * to list all spells.
You conjure some foxfire!
Crazy Yiuf glowers.
Crazy Yiuf hits you with a +4 quarterstaff of chaos!
You die...

.#.# #...##.# ##†# ##.##
#†####.# #..# ....# #.#
#.# #.## ##..#### #.#
#.# #.# #..##.## #.# #.#
#.# #..#..>## #.# #.#
#)# ##.......# #.# #.#
#.####### ..#.#...##
##.####.###........
........#
#...@g>............
#.#.##..#
#..vv.......#######
#)#.##..# #..####.##.##
#.#.##..#####..####.##.#
...............#....##.#
#[#####.#####.##.#####)#
#.# #.# #.##.# #.#
#.#####.# #.##.# #.#
........#####.##.# #.#


You could see Crazy Yiuf (ally target).

Vanquished Creatures
  Jessica (D:2)
  3 adders (D:2)
  A worm (D:2)
  A dart slug (D:2)
  7 ball pythons
  4 bats
  2 goblins (D:1)
  3 hobgoblins
  8 kobolds
  4 quokkas
  3 rats
37 creatures vanquished.

Vanquished Creatures (others)
  131 foxfires
131 creatures vanquished.

Grand Total: 168 creatures vanquished

Notes
Turn   | Place    | Note
-------+----------+-------------------------------------------
     0 | D:1      | Descartes the Octopode Fire Elementalist began the quest
                  | for the Orb.
     0 | D:1      | Reached XP level 1. HP: 11/11 MP: 3/3
   196 | D:1      | Reached XP level 2. HP: 17/17 MP: 3/5
   568 | D:1      | Reached skill level 1 in Poison Magic
   642 | D:1      | Reached skill level 1 in Evocations
  1073 | D:2      | Reached XP level 3. HP: 21/21 MP: 1/6
  1190 | D:2      | Found Pufyick's General Store.
  1491 | D:2      | Noticed Jessica
  1499 | D:2      | Killed Jessica
  1500 | D:2      | Reached XP level 4. HP: 27/27 MP: 1/7
  1821 | D:2      | Found Naihonk's Armour Shop.
  2321 | D:2      | Found a runed translucent door.
  2322 | D:2      | Noticed Crazy Yiuf
  2366 | D:2      | Slain by Crazy Yiuf

Illustrated notes

Levels and vault maps discovered:
D:1:      psy_arrival_whirlpool, layout_rooms
D:2:      layout_loops_ring, serial_shops, shop, shop_fountains, shop,
          uniq_crazy_yiuf_cottage, uniq_jessica

Skill      XL: |  1  2  3  4 |
---------------+-------------+-----
Poison Magic   | 1 2 |  2.2
Evocations     | 1 2 |  2.1
Dodging        | |  2.0
Stealth        | |  2.6
Spellcasting   | |  2.7
Conjurations   | |  1.0
Fire Magic     | |  3.6

Action                   |  1- 3 |  4- 6 || total
-------------------------+-------+-------++-------
 Cast: Foxfire           |    53 |    28 ||    81
Dodge: Dodged            |     3 |    14 ||    17
